 Dungeon Crawl Stone Soup version 0.27.0-1-g7a089689b8 (webtiles) character file.

Game seed: 5917906955264796197

426 unlimited1921 the Skirmisher (level 6, -14/60 HPs)
             Began as a Minotaur Fighter on Aug 1, 2021.
             Demolished by an ogre (24 damage)
             ... on level 6 of the Dungeon.
             The game lasted 00:33:02 (3150 turns).

unlimited1921 the Skirmisher (Minotaur Fighter)     Turns: 3150, Time: 00:33:02

Health: -14/60     AC:  7    Str: 23    XL:     6   Next: 64%
Magic:  5/5        EV:  7    Int:  5    God:
Gold:   100        SH:  9    Dex:  9    Spells: 5/5 levels left

rFire    . . .     SeeInvis .   u - +1 mace (drain)
rCold    . . .     Faith    .   c - +0 kite shield
rNeg     . . .     Spirit   .   b - +0 scale mail
rPois    .         Reflect  .   (helmet restricted)
rElec    .         Harm     .   (no cloak)
rCorr    .         Rampage  .   (no gloves)
Will     .....                  (no boots)
Stlth    ..........             (no amulet)
HPRegen  0.20/turn              (no ring)
MPRegen  0.09/turn              (no ring)

@: no status effects
A: horns 2, retaliatory headbutt
a: no special abilities


You were on level 6 of the Dungeon.
You visited 1 branch of the dungeon, and saw 7 of its levels.

You collected 100 gold pieces.

Inventory:

Hand Weapons
 a - a +0 trident
 g - a +0 short sword
 k - a +0 hand axe
 o - a +0 long sword
 t - a +3 whip
 u - a +1 mace of draining (weapon)
Missiles
 h - 28 sling bullets
 i - 15 bolts
 j - 37 arrows
 l - 97 stones (quivered)
Armour
 b - a +0 scale mail (worn)
 c - a +0 kite shield (worn)
Magical Staves
 s - a staff of fire
Jewellery
 n - a ring of fire
 v - a +6 ring of intelligence
 w - a ring of resist corrosion
 x - a ring of fire
 y - a ring of see invisible
Scrolls
 e - a scroll of identify
 r - a scroll of holy word
Potions
 d - a potion of might
 f - 2 potions of brilliance


   Skills:
 * Level 7.1 Fighting
 + Level 1.4 Maces & Flails
 - Level 3.2 Polearms
 + Level 1.3 Throwing
 - Level 4.4 Armour
 - Level 0.4 Dodging
 + Level 1.1 Stealth
 - Level 4.4 Shields


You had 5 spell levels left.
You didn't know any spells.
Your spell library contained the following spells:

 Spells                   Type           Power      Damage    Failure   Level
 Shock                    Conj/Air       0%         1d3       99%         1
 Ensorcelled Hibernation  Hex/Ice        0%         N/A       100%        2
 Spider Form              Tmut/Pois      0%         N/A       100%        3
 Shadow Creatures         Summ           N/A        N/A       100%        6


Dungeon Overview and Level Annotations

Branches:
Dungeon (7/15)
 Temple: D:4-7

Altars:
Dithmenos
Fedhas
Hepliaklqana
Kikubaaqudgha
Vehumet

Shops:
D:6 ?

Annotations:
D:5 Blork the orc


Innate Abilities, Weirdness & Mutations

You have a pair of horns on your head.
You reflexively headbutt those who attack you in melee.


Message History

You are too injured to fight recklessly!
The ice beast barely misses you.
You are too injured to fight recklessly!
You are too injured to fight recklessly!
You are too injured to fight recklessly!
There is a stone staircase leading down here.
The ice beast barely misses you.
You climb downwards.
Found a stone staircase leading up and a stone staircase leading down.
There is a stone staircase leading up here.
Found a spear.
A centaur comes into view.
The centaur shouts!
The centaur wields a +0 shortbow.
The centaur shoots an arrow.
The arrow hits you.
The centaur shoots an arrow.
The arrow hits you but does no damage.
The centaur shoots an arrow.
You block the arrow. You block the ice beast's attack.
There is a stone staircase leading up here.
The centaur shoots an arrow.
The arrow hits you but does no damage. The ice beast hits you.
The ice beast freezes you.
* * * LOW HITPOINT WARNING * * *
You climb upwards.
Found Zuasch's Magic Scroll Shoppe.
There is a stone staircase leading down here.
Found a leather armour.
You are too injured to fight recklessly!
The ice beast hits you.
* * * LOW HITPOINT WARNING * * *
The ice beast freezes you.
* * * LOW HITPOINT WARNING * * *
Okay, then.
You see here a +0 leather armour.
Found 11 gold pieces.
An ogre comes into view. It is wielding a +0 giant spiked club.
You see here 11 gold pieces.
You block the ice beast's attack.
You see here a +0 leather armour.
The ogre hits you with a +0 giant spiked club!!
You die...

#### #####
....
#...#####..#
#.
#...Y.O@⌠.⌠#
#.
#...####.∩.#
#. ##.## ⌠.⌠#
#. #.# ##.#
##.## #.# .#
##...### #[#
# .......#
#.#
##...#.####.#
##.$.......#


You could see an ice beast and an ogre.

Vanquished Creatures
  A black bear (D:5)
  2 ogres
  An iguana (D:6)
  An orc wizard (D:3)
  A hound skeleton (D:5)
  2 adders (D:2)
  3 worms
  3 dart slugs
  8 orcs
  4 ball pythons
  4 bats
  6 endoplasms
  4 giant cockroaches
  8 hobgoblins
  5 kobolds
  2 quokkas
  5 frilled lizards
  3 goblins
  4 rats
67 creatures vanquished.

Vanquished Creatures (others)
  A fungus (D:2)
  9 plants
  6 withered plants (D:5)
16 creatures vanquished.

Grand Total: 83 creatures vanquished

Notes
Turn   | Place    | Note
-------+----------+-------------------------------------------
     0 | D:1      | unlimited1921 the Minotaur Fighter began the quest for the
                  | Orb.
     0 | D:1      | Reached XP level 1. HP: 19/19 MP: 0/0
   173 | D:1      | Reached XP level 2. HP: 23/27 MP: 1/1
   334 | D:1      | Reached skill level 4 in Fighting
   646 | D:1      | Reached XP level 3. HP: 33/33 MP: 2/2
   959 | D:2      | Found a faded altar of an unknown god.
   972 | D:2      | Got Plato's Volume of Conjuration
  1331 | D:2      | Reached XP level 4. HP: 36/40 MP: 3/3
  1552 | D:3      | Found a hazy altar of Hepliaklqana.
  1562 | D:3      | Found a shadowy altar of Dithmenos.
  1563 | D:3      | Noticed a shadow
  1816 | D:3      | Found a radiant altar of Vehumet.
  1889 | D:3      | Reached skill level 5 in Fighting
  2051 | D:3      | You fall into a shaft and drop 3 floors!
  2104 | D:6      | Reached XP level 5. HP: 23/48 MP: 4/4
  2424 | D:5      | Entered Level 5 of the Dungeon
  2439 | D:5      | Noticed a black bear
  2450 | D:5      | Killed a black bear
  2451 | D:5      | Reached skill level 6 in Fighting
  2451 | D:5      | Reached skill level 1 in Throwing
  2576 | D:5      | Found an ancient bone altar of Kikubaaqudgha.
  2578 | D:5      | Found a blossoming altar of Fedhas.
  2669 | D:5      | Noticed an ogre
  2675 | D:5      | Killed an ogre
  2676 | D:5      | Reached skill level 1 in Stealth
  2676 | D:5      | Reached XP level 6. HP: 42/58 MP: 5/5
  2733 | D:5      | Noticed Blork the orc
  2774 | D:5      | You fall into a shaft and drop 1 floor!
  3060 | D:6      | Noticed an ice beast
  3080 | D:6      | Reached skill level 7 in Fighting
  3080 | D:6      | Reached skill level 1 in Maces & Flails
  3114 | D:6      | Found Zuasch's Magic Scroll Shoppe.
  3150 | D:6      | Demolished by an ogre

Illustrated notes

Levels and vault maps discovered:
D:1:      tarquinn_simple_flora_water_a, layout_loops_corners
D:2:      layout_basic, shapermc_ecumenical_altar_rom_forum,
          palyth_stone_intersect
D:3:      layout_basic, fiery_altar_vehumet, riverfiend_overflow_shadow_ancestor
D:4:      layout_cave_pools, led_xom_imps, mainiacjoe_overflow_six_doors_small,
          uniq_pikel
D:5:      layout_cave_pools, grunt_temple_overflow_growth_and_decay,
          trog_ov_bears_minmay, temple_green, minmay_holes, uniq_blork_the_orc
D:6:      layout_loops_ring, mainiacjoe_overflow_cross_hatched, serial_shops,
          shop_fountains, uniq_eustachio
D:7:      layout_rooms, uniq_menkaure

Skill      XL: |  1  2  3  4  5  6 |
---------------+-------------------+-----
Fighting       | 4 5 6 7 |  7.1
Shields        | 4 |  4.4
Armour         | 4 |  4.4
Polearms       | 3 |  3.2
Throwing       | 1 |  1.3
Stealth        | 1 |  1.1
Maces & Flails | 1 |  1.4
Dodging        | |  0.4

Action                   |  1- 3 |  4- 6 || total
-------------------------+-------+-------++-------
Melee: Trident           |   124 |    60 ||   184
       Headbutt          |    16 |    17 ||    33
       Mace              |       |    45 ||    45
Throw: Stone             |       |    13 ||    13
  Use: Scroll            |     1 |     2 ||     3
       Potion            |       |     3 ||     3
Armor: Scale mail        |    31 |    29 ||    60
Dodge: Dodged            |    19 |    21 ||    40
Block: Kite shield       |    41 |    43 ||    84
